 Dungeon Crawl Stone Soup version 0.20.1-1-g8b1a95d (webtiles) character file.

127268 fishlunatic the Peltast (level 16, -15/151 HPs)
             Began as a Minotaur Berserker on Oct 20, 2017.
             Was a High Priest of Trog.
             Killed from afar by a lindwurm (36 damage)
             ... with a blast of flame
             ... on level 4 of the Swamp on Oct 23, 2017.
             The game lasted 01:57:21 (29545 turns).

fishlunatic the Peltast (Minotaur Berserker)       Turns: 29545, Time: 01:57:21

Health: -15/151    AC: 29    Str: 27    XL:     16   Next: 45%
Magic:  15/15      EV: 14    Int:  4    God:    Trog [*****.]
Gold:   2113       SH: 24    Dex: 14    Spells: 15/15 levels left

rFire    . . .     SeeInvis .   Y - +5 scimitar "Nocofed" {protect, rPois rC+ rN+}
rCold    + . .     Gourm    .   M - +2 large shield
rNeg     + . .     Faith    .   j - +8 chain mail of the Dice {rElec}
rPois    +         Spirit   .   (helmet restricted)
rElec    +         Reflect  .   (no cloak)
rCorr    .         Harm     .   r - +2 pair of gloves
MR       +....                  t - +2 pair of boots
Stlth    ..........             K - amulet of regeneration
Regen    0.8/turn               h - +2 ring of strength
MPRegen  0.2/turn               f - ring of poison resistance

@: berserk cooldown, very slightly contaminated, slowed, very slow
A: retaliatory headbutt, horns 2
a: Berserk, Trog's Hand, Brothers in Arms, Burn Spellbooks, Renounce Religion


You were on level 4 of the Swamp.
You worshipped Trog.
Trog was extremely pleased with you.
You were not hungry.

You visited 4 branches of the dungeon, and saw 27 of its levels.

You collected 2113 gold pieces.

Inventory:

Hand Weapons
 v - a +1 double sword of electrocution
 C - a +3 long sword of freezing
 P - a +3 demon blade of freezing
 Y - the +5 scimitar "Nocofed" (weapon) {protect, rPois rC+ rN+}
   (You found it on level 2 of the Lair of Beasts)

   It protects the one who uses it against injury (+AC on strike).
   It protects you from cold.
   It protects you from poison.
   It protects you from negative energy.
Missiles
 e - 33 tomahawks (quivered)
 U - 9 tomahawks of returning
Armour
 j - the +8 chain mail of the Dice (worn) {rElec}
   (You found it on level 5 of the Dungeon)

   It insulates you from electricity.
 r - a +2 pair of gloves (worn)
 t - a +2 pair of boots (worn)
 M - a +2 large shield (worn)
Jewellery
 f - a ring of poison resistance (right hand)
 h - a +2 ring of strength (left hand)
 K - an amulet of regeneration (around neck)
 W - an uncursed amulet of the gourmand
 Z - an uncursed ring of protection from magic
Scrolls
 a - 6 scrolls of immolation
 d - 3 scrolls of enchant armour
 o - 7 scrolls of enchant weapon
 p - a scroll of blinking
 q - a scroll of holy word {unknown}
 s - 4 scrolls of recharging
 y - 2 scrolls of magic mapping
 z - 3 scrolls of identify
 A - 3 scrolls of vulnerability
 B - 5 scrolls of amnesia
 D - 13 scrolls of teleportation
 F - 5 scrolls of fog
 L - 6 scrolls of remove curse
 N - 4 scrolls of fear
 O - 2 scrolls of silence
 R - a scroll of summoning
Potions
 g - 3 potions of ambrosia
 i - 7 potions of brilliance
 k - a potion of magic
 l - 9 potions of lignification
 m - 4 potions of flight
 u - 3 potions of cancellation
 w - 3 potions of haste
 x - 5 potions of resistance
 G - 4 potions of curing
 I - 6 potions of agility
 Q - 2 potions of invisibility
 S - 5 potions of might
 T - a potion of heal wounds
 V - 6 potions of mutation
Books
 H - a book of Maledictions

   Spells                             Type                      Level
   a - Corona                         Hexes                        1
   b - Ensorcelled Hibernation        Hexes/Ice                    2
   c - Confuse                        Hexes                        3
   d - Tukima's Dance                 Hexes                        3
   e - Dazzling Spray                 Conjuration/Hexes            3
   Trog disapproves of the use of such an item.
Miscellaneous
 X - a box of beasts
Comestibles
 b - 6 meat rations
 c - 12 bread rations
 n - 20 royal jellies
 E - 53 fruits


   Skills:
 + Level 16.1 Fighting
 - Level 16.2 Long Blades
 + Level 15.4 Armour
 + Level 11.6 Dodging
 - Level 2.3 Stealth
 * Level 17.5 Shields


You had 15 spell levels left.
You didn't know any spells.

Dungeon Overview and Level Annotations

Branches:
Dungeon (15/15)            Temple (0/1) D:4            Lair (6/6) D:9
  Swamp (4/4) Lair:3       Spider (0/4) Lair:4        Slime (0/5) Lair:6
    Orc (2/2) D:9             Elf (0/3) Orc:2        Vaults (0/5) D:13
 Depths (0/5) D:15

Altars:
Ashenzari
Elyvilon
Gozag
Makhleb
Nemelex Xobeh
Ru
Sif Muna
Trog
The Shining One
Beogh
Lugonu

Shops:
D:4 *   Orc:2 (:[**

Annotations:
D:4 1 runed door
Lair:6 exclusion: oklob plant
Swamp:2 exclusion: 2 ice statues


Innate Abilities, Weirdness & Mutations

You reflexively headbutt those who attack you in melee.
You have a pair of horns on your head.


Message History

The blink frog appears confused.
The blink frog dies!
The blink frog is engulfed in noxious fumes.
The blink frog appears confused.
The blink frog blinks!
The lindwurm breathes flames at you. The blast of flame hits you!
* * * LOW HITPOINT WARNING * * *
Blink to where?
Press: ? - help, Dir - move target cursor
As you read the scroll of blinking, it crumbles to dust.
You enter the shallow water.
Moving in this stuff is going to be slow.
The swamp drake breathes noxious fumes at you.
The blink frog is engulfed in noxious fumes.
The blink frog appears confused.
The blink frog is engulfed in noxious fumes.
The blink frog appears confused.
The lindwurm breathes flames at you. The blast of flame hits you!
You die...

♣♣♣♣♣.≈≈≈≈≈≈§♣♣♣ .§≈##
♣.≈≈≈≈≈≈≈≈♣ ♣♣ ♣.≈♣#
♣♣..≈≈≈≈..♣♣ ♣♣.♣♣♣♣≈≈♣#
♣..♣.≈≈≈.♣♣♣ ♣≈..♣♣..≈.♣♣
♣♣♣♣.≈♣.§≈≈≈≈.♣♣ ♣..k≈≈≈≈§≈♣#♣##
♣≈≈....≈≈≈≈≈≈≈.♣♣♣♣§≈♣.≈≈≈≈k≈##≈
♣♣≈♣≈≈≈≈≈≈≈≈≈≈..≈§§♣§≈k≈≈≈.♣k≈≈.
♣♣≈.≈≈≈≈.≈≈≈≈..§§§§§F≈≈...♣♣≈..
♣♣...≈.♣.≈≈..@§§§♣♣≈≈.♣♣≈≈.♣.♣
♣♣♣♣♣♣≈....≈...♣♣♣♣≈♣♣♣≈≈≈§.≈
♣♣....§.≈§.♣♣♣♣♣ ♣≈≈≈..♣
♣♣♣♣...≈≈≈≈♣ ♣..≈≈≈♣♣ ♣♣♣....♣♣
♣≈≈≈.♣♣♣ ♣≈≈≈≈♣ ♣≈≈≈♣♣ ♣♣♣♣♣♣
♣.≈≈♣ ♣♣♣♣♣


You could see a lindwurm, a blink frog (confused) and a swamp drake.

Vanquished Creatures
  Rupert (D:13)
  3 thorn hunters (Swamp:2)
  2 orc warlords (Orc:2)
  Aizul (Swamp:1)
  Nessos (D:13)
  An ettin (D:14)
  The ghost of Fireblaze683 the Cleaver, a journeyman MiAK of Lugonu (D:12)
  The ghost of Alucinor the Covert, a journeyman SpEn of Ashenzari (Lair:6)
  3 ghost crabs
  2 ogre magi (D:15)
  14 hydras
  5 two-headed ogres
  A death knight (D:15)
  8 alligators
  A death yak (Lair:1)
  Urug (D:12)
  Nergalle (Lair:4)
  The ghost of mole0619 the Thaumaturge, a novice DEFE of Vehumet (D:8)
  A spriggan druid (Swamp:3)
  2 unseen horrors
  A deep troll (D:15)
  A wizard (D:14)
  A swamp dragon (Swamp:4)
  A wolf spider zombie (D:15)
  2 lindwurms
  A shambling mangrove (Swamp:3)
  7 orc knights
  5 orc sorcerers
  8 ugly things
  5 cyclopes
  2 deep elf magi
  A manticore (D:13)
  2 centaur zombies
  Maurice (D:8)
  2 black mambas (Lair:6)
  3 elephants (Lair:6)
  3 gargoyles
  5 centaur skeletons
  34 spiny frogs
  A torpor snail (Lair:1)
  3 komodo dragons
  2 rime drakes
  5 kobold demonologists
  An efreet (D:13)
  2 freezing wraiths
  A tengu conjurer (D:15)
  12 hornets
  8 trolls
  3 meliai (D:13)
  4 polar bears (D:8)
  6 tyrant leeches
  10 slime creatures
  15 blink frogs
  8 hippogriffs
  2 bog bodies (Swamp:1)
  7 spriggans
  4 wraiths
  2 shadows
  3 wyverns
  24 yaks
  3 basilisks
  12 humans
  A steam dragon (D:7)
  28 vampire mosquitoes
  A warg (Orc:1)
  17 insubstantial wisps
  13 swamp worms
  A soldier ant (D:11)
  15 water moccasins
  An acid dragon (D:14)
  9 porcupines
  7 ice beasts
  A hornet zombie (D:7)
  31 orc warriors
  6 swamp drakes
  A black bear (D:12)
  30 wolves
  The ghost of marshmellons the Chopper, an amateur DsCK of Xom (D:3)
  17 ogres
  17 centaurs
  14 crocodiles
  37 bullfrogs
  8 big kobolds
  A wyvern zombie (D:15)
  A water moccasin zombie (D:10)
  A water moccasin skeleton (D:12)
  4 scorpions
  21 killer bees (Lair:1)
  13 wights
  An electric eel (Lair:1)
  2 howler monkeys
  11 crimson imps
  A bullfrog zombie (D:8)
  A quasit (D:8)
  5 jellies
  13 orc priests
  7 hounds
  24 orc wizards
  2 bullfrog skeletons
  4 iguanas
  11 worker ants
  A hound zombie (D:10)
  A hound skeleton (D:5)
  A worker ant zombie (D:10)
  Robin (D:3)
  4 gnolls
  14 adders
  6 shadow imps
  A white imp (D:8)
  3 ufetubi (D:8)
  An ooze (D:1)
  2 adder zombies
  A worm (D:4)
  An adder simulacrum (D:8)
  2 adder skeletons (D:4)
  3 dart slugs
  3 leopard geckos
  76 orcs
  4 giant cockroaches
  10 goblins
  5 hobgoblins
  3 jackals (D:8)
  7 quokkas
  A ball python (D:6)
  6 bats
  6 frilled lizards
  36 kobolds
  A leopard gecko skeleton (D:5)
  6 rats
  2 fungi
  A plant (Lair:1)
862 creatures vanquished.

Vanquished Creatures (collateral kills)
  Donald (Swamp:3)
  6 hydras
  A centaur warrior (D:15)
  An alligator (Swamp:3)
  2 spriggans (Swamp:4)
  2 slime creatures (D:14)
  A swamp dragon (Swamp:3)
  2 spriggan druids
  3 cyclopes
  A gargoyle (D:15)
  2 spiny frogs (Lair:6)
  A yaktaur (D:15)
  A kobold demonologist (D:12)
  A queen bee (Lair:1)
  2 hornets (Swamp:4)
  2 tyrant leeches (Lair:6)
  2 blink frogs
  4 humans (D:13)
  A hog (shapeshifter) (D:13)
  A vampire mosquito (Lair:6)
  2 swamp worms (Swamp:1)
  A swamp drake (Swamp:1)
  A necrophage (D:12)
  3 killer bees (Lair:1)
  2 howler monkeys (D:8)
  An electric eel (Lair:6)
  A quasit (D:12)
  A white imp (D:8)
  3 orcs
  A kobold (D:11)
  A plant (Lair:6)
54 creatures vanquished.

Vanquished Creatures (others)
  A blink frog (Swamp:4)
  A vampire mosquito (Lair:2)
  A bush (Lair:6)
  21 fungi
  46 plants
70 creatures vanquished.

Grand Total: 986 creatures vanquished

Notes
Turn   | Place    | Note
-------+----------+-------------------------------------------
     0 | D:1      | fishlunatic the Minotaur Berserker began the quest for the Orb.
     0 | D:1      | Reached XP level 1. HP: 19/19 MP: 0/0
     7 | D:1      | Noticed a polar bear
     7 | D:1      | Noticed a black mamba
     7 | D:1      | Noticed a redback
     7 | D:1      | Noticed a rime drake
     7 | D:1      | Noticed a hog
    60 | D:1      | Reached XP level 2. HP: 27/27 MP: 1/1
   590 | D:1      | Reached XP level 3. HP: 30/33 MP: 2/2
  1184 | D:2      | Reached ** piety under Trog
  1194 | D:2      | Found a deep blue altar of Sif Muna.
  1413 | D:3      | Reached XP level 4. HP: 41/41 MP: 3/3
  1567 | D:3      | Noticed Robin
  1578 | D:3      | Killed Robin
  1609 | D:3      | Noticed marshmellons's ghost (amateur DsCK)
  1630 | D:3      | Killed marshmellons's ghost
  1630 | D:3      | Reached skill level 5 in Long Blades
  1630 | D:3      | Reached skill level 1 in Shields
  1630 | D:3      | Reached XP level 5. HP: 47/47 MP: 4/4
  2230 | D:4      | Reached skill level 5 in Fighting
  2373 | D:4      | Reached *** piety under Trog
  2400 | D:4      | Reached XP level 6. HP: 54/56 MP: 5/5
  2433 | D:4      | Reached skill level 2 in Shields
  2446 | D:4      | Found a glowing golden altar of the Shining One.
  2590 | D:4      | Found a runed door.
  3038 | D:4      | Found Uteyn's Assorted Antiques.
  3084 | D:4      | Reached skill level 5 in Armour
  3084 | D:4      | Reached XP level 7. HP: 61/61 MP: 6/6
  3095 | D:4      | Found a staircase to the Ecumenical Temple.
  3318 | D:5      | Entered Level 5 of the Dungeon
  3856 | D:5      | Reached skill level 3 in Shields
  3893 | D:5      | Got a bloodstained chain mail
  3957 | D:5      | Identified the +8 chain mail of the Dice {rElec} (You found it on level 5 of the Dungeon)
  4019 | D:5      | Reached **** piety under Trog
  4074 | D:5      | Reached XP level 8. HP: 41/70 MP: 7/7
  4517 | D:6      | Reached skill level 1 in Stealth
  4914 | D:6      | Reached skill level 4 in Shields
  5144 | D:6      | Found a sacrificial altar of Ru.
  5573 | D:7      | Reached XP level 9. HP: 76/79 MP: 8/8
  5638 | D:7      | Reached ***** piety under Trog
  5705 | D:7      | Reached skill level 5 in Shields
  5744 | D:7      | Found an opulent altar of Gozag.
  5777 | D:7      | Found a bloodstained altar of Trog.
  5792 | D:7      | Received a gift from Trog
  5862 | D:7      | Reached skill level 10 in Long Blades
  6286 | D:8      | Reached skill level 6 in Shields
  6325 | D:8      | Noticed mole0619's ghost (novice DEFE)
  6339 | D:8      | Killed mole0619's ghost
  6343 | D:8      | Reached XP level 10. HP: 52/88 MP: 9/9
  6708 | D:8      | Noticed a two-headed ogre
  6716 | D:8      | Killed a two-headed ogre
  6736 | D:8      | Noticed a two-headed ogre
  6758 | D:8      | Killed a two-headed ogre
  7003 | D:8      | Reached skill level 7 in Shields
  7326 | D:8      | Noticed Maurice
  7371 | D:8      | Killed Maurice
  7882 | D:9      | Found a staircase to the Orcish Mines.
  7929 | D:9      | Found a roughly hewn altar of Beogh.
  8004 | D:9      | Found a staircase to the Lair.
  8058 | D:9      | Found a sparkling altar of Nemelex Xobeh.
  8070 | D:9      | Found a burning altar of Makhleb.
  8072 | D:9      | Found a shattered altar of Ashenzari.
  8396 | D:10     | Entered Level 10 of the Dungeon
  8414 | D:10     | Reached XP level 11. HP: 91/97 MP: 10/10
  8917 | D:10     | Reached skill level 10 in Armour
  9469 | D:11     | Reached skill level 10 in Fighting
  9682 | D:11     | Found a white marble altar of Elyvilon.
  9801 | D:11     | Noticed a brown ugly thing
  9802 | D:11     | Reached skill level 8 in Shields
  9815 | D:11     | Killed a brown ugly thing
 10598 | D:11     | Received a gift from Trog
 10801 | D:12     | Noticed Fireblaze683's ghost (journeyman MiAK)
 10826 | D:12     | Killed Fireblaze683's ghost
 11041 | D:12     | Reached XP level 12. HP: 90/108 MP: 11/11
 11402 | D:13     | Reached skill level 9 in Shields
 11415 | D:13     | Found a corrupted altar of Lugonu.
 11861 | D:13     | Reached skill level 15 in Long Blades
 11861 | D:13     | Reached skill level 5 in Dodging
 12004 | D:13     | Noticed Rupert
 12032 | D:13     | Killed Rupert
 12048 | D:13     | Noticed Nessos
 12050 | D:13     | Noticed Urug
 12401 | D:12     | Killed Urug
 12838 | D:13     | Killed Nessos
 12838 | D:13     | Reached skill level 10 in Shields
 13002 | D:13     | Found a gate to the Vaults.
 13188 | D:13     | Reached XP level 13. HP: 117/119 MP: 12/12
 14795 | D:14     | Reached skill level 11 in Shields
 15518 | D:15     | Entered Level 15 of the Dungeon
 15555 | D:15     | Received a gift from Trog
 15627 | D:15     | Noticed an ettin
 15935 | D:14     | Killed an ettin
 16681 | D:15     | Reached skill level 12 in Shields
 16689 | D:15     | Found a staircase to the Depths.
 17582 | Lair:1   | Entered Level 1 of the Lair of Beasts
 17648 | Lair:1   | Reached XP level 14. HP: 123/130 MP: 13/13
 18980 | Lair:2   | Reached skill level 13 in Shields
 18999 | Lair:2   | Got a pitted scimitar
 19000 | Lair:2   | Identified the +5 scimitar "Nocofed" {protect, rPois rC+ rN+} (You found it on level 2 of the Lair of Beasts)
 19597 | Lair:3   | Found a staircase to the Swamp.
 20345 | Lair:4   | Noticed Nergalle
 20368 | Lair:4   | Killed Nergalle
 20802 | Lair:4   | Found a hole to the Spider Nest.
 22192 | Lair:5   | Reached skill level 14 in Shields
 22554 | Lair:6   | Entered Level 6 of the Lair of Beasts
 22620 | Lair:6   | Received a gift from Trog
 22720 | Lair:6   | Noticed Alucinor's ghost (journeyman SpEn)
 22796 | Lair:6   | Killed Alucinor's ghost
 23324 | Lair:6   | Reached XP level 15. HP: 139/139 MP: 14/14
 23741 | Lair:6   | Found a staircase to the Slime Pits.
 23757 | Lair:6   | Reached skill level 15 in Shields
 23863 | Lair:6   | Identified a scroll of acquirement
 24444 | Orc:1    | Entered Level 1 of the Orcish Mines
 24806 | Orc:2    | Entered Level 2 of the Orcish Mines
 24806 | Orc:2    | Found Otwydd's Book Emporium.
 24806 | Orc:2    | Found Ixzaun's Assorted Antiques.
 24911 | Orc:1    | Reached skill level 15 in Fighting
 24970 | Orc:1    | Paralysed by an orc sorcerer for 7 turns
 25097 | Orc:2    | Noticed an orc warlord
 25195 | Orc:2    | Killed an orc warlord
 25205 | Orc:2    | Reached skill level 10 in Dodging
 25206 | Orc:2    | Noticed an orc warlord
 25212 | Orc:2    | Reached ****** piety under Trog
 25233 | Orc:2    | Killed an orc warlord
 25356 | Orc:2    | Found a staircase to the Elven Halls.
 25357 | Orc:2    | Found Geskeusen's Antique Armour Boutique.
 25405 | Orc:2    | Received a gift from Trog
 25638 | Orc:2    | Found Ibofria's Antique Weapon Shoppe.
 25721 | Orc:2    | Found Coompag's General Store.
 26238 | Swamp:1  | Entered Level 1 of the Swamp
 26747 | Swamp:1  | Noticed Aizul
 26773 | Swamp:1  | Killed Aizul
 26773 | Swamp:1  | Reached skill level 16 in Shields
 26777 | Swamp:1  | Received a gift from Trog
 27469 | Swamp:2  | Found a frozen archway.
 27687 | Swamp:2  | Reached skill level 15 in Armour
 27794 | Swamp:2  | Noticed a thorn hunter
 27811 | Swamp:2  | Killed a thorn hunter
 27935 | Swamp:2  | Noticed a thorn hunter
 27954 | Swamp:2  | Killed a thorn hunter
 28090 | Swamp:2  | Reached XP level 16. HP: 149/149 MP: 15/15
 28308 | Swamp:2  | Noticed a thorn hunter
 28327 | Swamp:2  | Killed a thorn hunter
 28635 | Swamp:3  | Reached skill level 17 in Shields
 28637 | Swamp:3  | Received a gift from Trog
 29106 | Swamp:3  | Noticed Donald
 29115 | Swamp:3  | Killed Donald
 29388 | Swamp:4  | Entered Level 4 of the Swamp
 29545 | Swamp:4  | Killed from afar by a lindwurm

Skill      XL: |  1  2  3  4  5  6  7  8  9 10 11 12 13 14 15 16 |
---------------+-------------------------------------------------+-----
Long Blades    | 4 5 6 7 9 11 12 14 15 16 | 16.2
Fighting       | 4 5 6 7 8 9 10 12 13 14 15 16 | 16.1
Armour         | 3 4 5 6 7 8 9 10 11 12 14 15 | 15.4
Shields        | 1 2 3 4 6 7 8 10 12 14 16 17 | 17.5
Dodging        | 3 4 5 7 9 10 11 | 11.6
Stealth        | 1 2 |  2.3

Action                   |  1- 3 |  4- 6 |  7- 9 | 10-12 | 13-15 | 16-18 || total
-------------------------+-------+-------+-------+-------+-------+-------++-------
Melee: Falchion          |    66 |    95 |    94 |       |       |       ||   255
       Headbutt          |    14 |    21 |    79 |   147 |   357 |    66 ||   684
       Scimitar          |       |       |   117 |       |   951 |   236 ||  1304
       Demon blade       |       |       |    61 |   507 |   337 |       ||   905
Invok: Berserk           |       |     3 |     6 |    19 |    38 |     8 ||    74
       Brothers in Arms  |       |       |       |     8 |    11 |     5 ||    24
       Burn Spellbooks   |       |       |       |     1 |     5 |       ||     6
       Trog's Hand       |       |       |       |     1 |     1 |     1 ||     3
  Use: Scroll            |     3 |     7 |     3 |    11 |    12 |     2 ||    38
       Potion            |       |     1 |       |       |     5 |     1 ||     7
 Stab: Distracted        |       |       |       |       |       |     1 ||     1
  Eat: Chunk             |     2 |     8 |    14 |    45 |    66 |     1 ||   136
       Fruit             |       |       |     1 |     1 |    15 |       ||    17
       Royal jelly       |       |       |       |     1 |       |       ||     1
       Bread ration      |       |       |       |     1 |       |     4 ||     5
Armor: Animal skin       |     4 |       |       |       |       |       ||     4
       Ring mail         |    28 |     1 |       |       |       |       ||    29
       Scale mail        |       |    40 |    23 |       |       |       ||    63
       Chain mail        |       |       |   111 |   253 |   841 |   135 ||  1340
       Plate armour      |       |       |     1 |       |       |       ||     1
Dodge: Dodged            |    41 |    39 |   125 |   236 |   775 |   141 ||  1357
Block: Buckler           |    11 |    25 |    88 |   195 |   631 |       ||   950
       Large shield      |       |       |       |       |   179 |   388 ||   567
       Rpst.: Falchion   |    16 |    13 |    13 |       |       |       ||    42
       Scimitar          |       |       |    17 |       |   140 |    22 ||   179
       Demon blade       |       |       |     4 |    48 |    43 |       ||    95
